 Dungeon Crawl Stone Soup version 0.29.0-4-gdea44cf6ec (webtiles) character file.

Game seed: 9574041353294721039

8929 hawla the Destroyer (level 11, -3/85 HPs)
             Began as a Pale Draconian Conjurer on Aug 23, 2022.
             Was a Priest of Vehumet.
             Slain by a quicksilver ooze (5 damage)
             ... in an ice cave on Aug 26, 2022.
             The game lasted 00:48:03 (16174 turns).

hawla the Destroyer (Pale Draconian Conjurer)      Turns: 16174, Time: 00:48:03

Health: -3/85      AC: 10    Str: 12    XL:     11   Next: 16%
Magic:  0/33       EV: 12    Int: 27    God:    Vehumet [***...]
Gold:   708        SH:  2    Dex:  9    Spells: 12/28 levels left

rFire   . . .      SeeInvis .   I - +0 dagger (distort)
rCold   . . .      Faith    .   D - +0 buckler
rNeg    . . .      Spirit   .   (body armour unavailable)
rPois   .          Reflect  .   (helmet restricted)
rElec   .          Harm     .   (no cloak)
rCorr   .          Rampage  .   B - +2 pair of gloves
Will    .....                   (no boots)
Stlth   ++........              (no amulet)
HPRegen 0.24/turn               l - ring of magical power
MPRegen 0.23/turn               o - +6 ring of intelligence

@: engulfed (cannot breathe)
A: breathe steam, AC +7, unfitting armour, cold-blooded, steam resistance
a: Breathe Steam, Renounce Religion


You were in an ice cave.
You worshipped Vehumet.
Vehumet was most pleased with you.
You visited 2 branches of the dungeon, and saw 12 of its levels.
You also visited: Bailey and Ice Cave.

You collected 1548 gold pieces.
You spent 840 gold pieces at shops.

Inventory:

Hand Weapons
 I - a +0 dagger of distortion (weapon)
Missiles
 e - 14 poisoned darts (quivered)
 q - 25 boomerangs
 C - 6 atropa-tipped darts
 E - a throwing net
Armour
 B - a +2 pair of gloves (worn)
 D - a +0 buckler (worn)
Jewellery
 k - a ring of resist corrosion
 l - a ring of magical power (left hand)
 n - a ring of fire
 o - a +6 ring of intelligence (right hand)
 v - a +6 ring of intelligence
 w - a ring of flight
 x - a ring of positive energy
 y - a +6 ring of strength
 K - a ring of positive energy
Wands
 j - a wand of charming (10)
 s - a wand of polymorph (7)
 A - a wand of digging (7)
Scrolls
 b - 8 scrolls of teleportation
 h - 3 scrolls of fog
 m - a scroll of blinking
 u - a scroll of fear
 F - a scroll of enchant armour
 J - 2 scrolls of identify
Potions
 a - a potion of magic
 c - a potion of resistance
 d - 2 potions of curing
 f - a potion of invisibility
 g - a potion of brilliance {unknown}
 i - a potion of mutation
 p - 2 potions of berserk rage {unknown}
 r - a potion of haste
 t - 6 potions of flight
 z - 2 potions of cancellation {unknown}
 G - a potion of ambrosia {unknown}


   Skills:
 + Level 4.8 Fighting
 + Level 3.0 Short Blades
 + Level 1.3 Throwing
 + Level 5.6 Dodging
 - Level 3.6 Stealth
 + Level 9.1 Spellcasting
 + Level 10.4 Conjurations
 + Level 5.9 Translocations
 + Level 0.7 Fire Magic
 + Level 1.3 Evocations


You had 12 spell levels left.
You knew the following spells:

 Your Spells              Type           Power      Damage    Failure   Level
a - Magic Dart            Conj           100%       1d8       1%          1
b - Searing Ray           Conj           100%       2d8       1%          2
c - Iskenderun's Mystic   Conj/Tloc      54%        2d12      1%          4
d - Apportation           Tloc           88%        N/A       1%          1
e - Scorch                Fire           32%        2d6       1%          2
f - Blink                 Tloc           88%        N/A       1%          2
g - Sticky Flame          Conj/Fire      42%        2d6       1%          4

Your spell library contained the following spells:

 Spells                   Type           Power      Damage    Failure   Level
 Dazzling Flash           Conj/Hex       80%        N/A       1%          3
 Fulminant Prism          Conj/Hex       20%        3d13      2%          4
 Frozen Ramparts          Ice            24%        1d4       5%          3
 Lightning Bolt           Conj/Air       20%        1d35      5%          5
 Necrotise                Necr           48%        1d6       6%          1
 Summon Small Mammal      Summ           48%        N/A       6%          1
 Ensorcelled Hibernation  Hex/Ice        24%        N/A       10%         2
 Freezing Cloud           Conj/Ice/Air   15%        6-21      11%         5
 Airstrike                Air            6%         2d(1-17)  17%         4
 Olgreb's Toxic Radiance  Pois           12%        N/A       17%         4
 Spider Form              Tmut/Pois      12%        N/A       19%         3
 Summon Forest            Summ/Tloc      14%        N/A       45%         5
 Anguish                  Hex/Necr       6%         N/A       54%         4
 Ice Form                 Ice/Tmut       12%        N/A       54%         4
 Petrify                  Tmut/Erth      12%        N/A       54%         4
 Summon Ice Beast         Ice/Summ       12%        N/A       54%         4
 Summon Lightning Spire   Summ/Air       12%        N/A       54%         4
 Dispersal                Tloc           22%        N/A       63%         6
 Metabolic Englaciation   Hex/Ice        6%         N/A       87%         5
 Eringya's Noxious Bog    Tmut/Pois      6%         N/A       90%         6
 Simulacrum               Ice/Necr       6%         N/A       100%        6
 Statue Form              Tmut/Erth      8%         N/A       100%        6
 Ozocubu's Refrigeration  Ice            6%         4d8       100%        7
 Summon Hydra             Summ           6%         N/A       100%        7
 Ignition                 Fire           8%         3d5       100%        8
 Polar Vortex             Ice            6%         N/A       100%        9


Dungeon Overview and Level Annotations

Branches:
Dungeon (11/15)            Temple (1/1) D:7            Lair (0/5) D:9
    Orc (0/2) D:10         Bailey (visited)           IceCv (1/1)

Altars:
Ashenzari
Cheibriados
Dithmenos
Elyvilon
Fedhas
Gozag
Hepliaklqana
Kikubaaqudgha
Makhleb
Nemelex Xobeh
Okawaru
Qazlal
Ru
Sif Muna
Trog
Uskayaw
Vehumet
Wu Jian
Xom
Yredelemnul
Zin
The Shining One

Shops:
D:8 =:

Annotations:
IceCv exclusion: ice statue


Innate Abilities, Weirdness & Mutations

You can breathe blasts of scalding, opaque steam.
Your pale cyan-grey scales are hard. (AC +7)
You cannot fit into any form of body armour.
You are cold-blooded and may be slowed by cold attacks.
You are immune to the effects of steam.


Message History

* * * LOW HITPOINT WARNING * * *
You feel much better.
* * * LOW HITPOINT WARNING * * *
Your lungs strain for air!
The quicksilver ooze hits you!
* * * LOW HITPOINT WARNING * * *
The quicksilver ooze hits you but does no damage.
You cannot read scrolls while unable to breathe!
There are monsters nearby!
You feel much better.
Your lungs strain for air!
You block the quicksilver ooze's attack.
The quicksilver ooze hits you but does no damage.
The quicksilver ooze closely misses you. x2
You slip free of the ooze engulfing you.
You gasp with relief as air once again reaches your lungs.
The quicksilver ooze barely misses you.
The quicksilver ooze closely misses you.
The quicksilver ooze hits you!
* * * LOW HITPOINT WARNING * * *
The quicksilver ooze engulfs you! The quicksilver ooze hits you!
* * * LOW HITPOINT WARNING * * *
You feel your power leaking away.
You slip free of the ooze engulfing you.
The quicksilver ooze attacks as you move away!
The quicksilver ooze hits you.
* * * LOW HITPOINT WARNING * * *
The quicksilver ooze closely misses you.
You gasp with relief as air once again reaches your lungs.
The quicksilver ooze barely misses you. The quicksilver ooze hits you!
* * * LOW HITPOINT WARNING * * *
The quicksilver ooze hits you. The quicksilver ooze engulfs you!
The quicksilver ooze hits you.
* * * LOW HITPOINT WARNING * * *
You feel your power leaking away.
There is an ice choked empty arch of ancient stone, spattered with blood here.
You slip free of the ooze engulfing you.
The quicksilver ooze attacks as you move away!
The quicksilver ooze hits you.
You die...

##..#
#..## #..#
##..#
#..## ###
#..#
##.####.##
#...##Z.#
#∩@J....#
#...##..#
##.####.#
### #..#
#..# ##.#
.. ..#


You could see a quicksilver ooze and a shapeshifter simulacrum.

Vanquished Creatures
  Psyche (D:9)
  A kobold demonologist (D:11)
  A troll (D:9)
  3 slime creatures (D:10)
  A hornet (D:10)
  A shadow (D:10)
  A wraith (D:10)
  13 yaks
  2 steam dragons
  Menkaure (D:4)
  2 acid dragons
  3 water moccasins
  2 ice beasts
  2 black bears
  7 orc warriors
  An ogre (D:7)
  A centaur (D:8)
  A phantom (D:6)
  A kobold brigand (D:10)
  Blork the orc (D:5)
  A gnoll sergeant (D:6)
  4 bullfrogs
  5 scorpions
  A two-headed ogre simulacrum (D:11)
  2 oklob saplings (D:10)
  9 killer bees
  5 howler monkeys
  4 hounds
  2 jellies
  9 orc priests
  A gnoll bouda (D:8)
  4 iguanas
  13 orc wizards
  2 shapeshifter simulacra (IceCv)
  A troll simulacrum (D:11)
  A spriggan simulacrum (D:11)
  20 gnolls
  15 adders
  A white imp (D:7)
  An ufetubus (D:6)
  A worm (D:4)
  4 dart slugs
  36 orcs
  16 ball pythons
  5 endoplasms
  3 giant cockroaches
  14 goblins
  13 hobgoblins
  4 jackals
  7 quokkas
  3 bats (D:1)
  2 frilled lizards
  23 kobolds
  26 rats
304 creatures vanquished.

Vanquished Creatures (others)
  4 fungi (D:4)
  7 plants (D:10)
  2 toadstools (D:4)
13 creatures vanquished.

Grand Total: 317 creatures vanquished

Notes
Turn   | Place    | Note
-------+----------+-------------------------------------------
     0 | D:1      | hawla the Draconian Conjurer began the quest for the Orb.
     0 | D:1      | Reached XP level 1. HP: 14/14 MP: 3/3
   445 | D:1      | Reached XP level 2. HP: 20/20 MP: 1/5
  1237 | D:1      | Reached XP level 3. HP: 26/26 MP: 6/6
  1857 | D:2      | Reached skill level 5 in Conjurations
  2011 | D:2      | Found a faded altar of an unknown god.
  2199 | D:2      | Reached XP level 4. HP: 33/33 MP: 5/7
  2471 | D:3      | Learned a level 2 spell: Searing Ray
  3643 | D:4      | Noticed a scorpion
  3654 | D:4      | Killed a scorpion
  3655 | D:4      | Reached XP level 5. HP: 19/38 MP: 1/9
  3863 | D:4      | Identified the +3 ring mail of Pessimism {Rampage rC- Int+4
                  | Dex+9}
  4197 | D:4      | Reached XP level 6. HP: 34/46 MP: 11/11
  4784 | D:4      | Reached skill level 1 in Fighting
  4991 | D:4      | Your scales start taking on a pale cyan-grey colour.
  4991 | D:4      | Reached XP level 7. HP: 38/52 MP: 1/13
  4991 | D:4      | Gained mutation: You are immune to the effects of steam.
                  | [Pale Draconian growth]
  5251 | D:5      | Entered Level 5 of the Dungeon
  5261 | D:5      | Noticed Menkaure
  5324 | D:4      | Killed Menkaure
  5391 | D:5      | Reached skill level 6 in Conjurations
  5562 | D:5      | Noticed Blork the orc
  5577 | D:5      | Killed Blork the orc
  5724 | D:5      | Learned a level 4 spell: Iskenderun's Mystic Blast
  6017 | D:5      | Upgraded the game from 0.29-b1-12-g9e2288ab2a to 0.29.0
  6039 | D:5      | Got Sif Muna's Tractate on the Excursion and Fascination
  6067 | D:5      | Reached skill level 5 in Spellcasting
  6067 | D:5      | Reached skill level 1 in Translocations
  6289 | D:5      | Reached XP level 8. HP: 55/60 MP: 3/15
  6289 | D:5      | Upgraded the game from 0.29.0 to 0.29.0-3-gbb0933ed62
  7032 | D:6      | Reached skill level 7 in Conjurations
  7747 | D:7      | Found a sacrificial altar of Ru.
  7748 | D:7      | Found a blossoming altar of Fedhas.
  7751 | D:7      | Found a broken altar of Ashenzari.
  7753 | D:7      | Found a shimmering blue altar of Sif Muna.
  7753 | D:7      | Found a bloodstained altar of Trog.
  7768 | D:7      | Found a flagged portal.
  7769 | D:7      | Found a staircase to the Ecumenical Temple.
  7785 | Temple   | Entered the Ecumenical Temple
  7889 | Temple   | Became a worshipper of Vehumet
  7934 | Bailey   | Entered a bailey
  7986 | Bailey   | Reached skill level 8 in Conjurations
  8167 | Bailey   | Reached XP level 9. HP: 24/67 MP: 13/18
  8865 | Bailey   | Reached * piety under Vehumet
  8865 | Bailey   | Offered knowledge of Sandblast by Vehumet.
  9088 | Bailey   | Learned a level 1 spell: Apportation
  9713 | D:6      | Reached skill level 1 in Short Blades
 11250 | D:7      | Found an ornate altar of the Wu Jian Council.
 12021 | D:8      | Reached skill level 9 in Conjurations
 12233 | D:8      | Found Ymarets's Jewellery Shoppe.
 12243 | D:8      | Bought a ring of magical power for 300 gold pieces
 12243 | D:8      | Bought a +6 ring of intelligence for 540 gold pieces
 12299 | D:8      | Found Velox's Self-Improvement Boutique.
 12837 | D:9      | Noticed a troll
 12847 | D:9      | Killed a troll
 13050 | D:9      | Reached XP level 10. HP: 78/78 MP: 20/21
 13054 | D:9      | Reached ** piety under Vehumet
 13054 | D:9      | Offered knowledge of Static Discharge by Vehumet.
 13244 | D:9      | Found a staircase to the Lair.
 13293 | D:9      | Found a basalt altar of Yredelemnul.
 13323 | D:9      | Found a hazy altar of Hepliaklqana.
 13369 | D:9      | Noticed Psyche
 13378 | D:9      | Killed Psyche
 13379 | D:9      | Reached skill level 5 in Dodging
 13390 | D:9      | Reached skill level 5 in Translocations
 13912 | D:10     | Entered Level 10 of the Dungeon
 13936 | D:10     | Upgraded the game from 0.29.0-3-gbb0933ed62 to
                  | 0.29.0-4-gdea44cf6ec
 14001 | D:10     | Reached skill level 1 in Throwing
 14008 | D:10     | Offered knowledge of Scorch by Vehumet.
 14010 | D:10     | Reached skill level 10 in Conjurations
 14014 | D:10     | Learned a level 2 spell: Scorch
 14141 | D:10     | Found a staircase to the Orcish Mines.
 14282 | D:10     | Reached *** piety under Vehumet
 14591 | D:10     | Reached XP level 11. HP: 84/85 MP: 10/23
 14868 | D:10     | Found a hide-covered altar of Uskayaw.
 15549 | D:10     | Reached skill level 1 in Evocations
 15834 | D:10     | Learned a level 2 spell: Blink
 15920 | D:11     | Found a frozen archway.
 15929 | D:11     | Offered knowledge of Sticky Flame by Vehumet.
 15947 | D:11     | Learned a level 4 spell: Sticky Flame
 16027 | IceCv    | Entered an ice cave
 16153 | IceCv    | Noticed a quicksilver ooze
 16173 | IceCv    | HP: 2/85 [quicksilver ooze (5)]
 16174 | IceCv    | Slain by a quicksilver ooze

Illustrated notes

Levels and vault maps discovered:
D:1:      arrival_zaba_pyramid, layout_loops_ring, minmay_close_crescents
D:2:      layout_loops_ring, basic_ecumenical_altar
D:3:      layout_loops_ring, minmay_rat_hole
D:4:      layout_basic, minmay_gold_behind_fungi
D:5:      layout_gridville, uniq_menkaure, uniq_blork_the_orc
D:6:      layout_basic
D:7:      layout_cave_pools, grunt_temple_overflow_open, old_standard_altar,
          minmay_temple_entry_grid, enter_bailey_2, dk_noncrumbling_3
D:8:      layout_loops_ring, serial_shops, shop, nicolae_lava_and_water,
          nicolae_shop_self_help
D:9:      layout_rooms, mainiacjoe_overflow_large_starburst, lair_entry_dummy,
          uniq_psyche
D:10:     layout_rooms, general_overflow_altar, erik_orc_4,
          kennysheep_crisscross, chequers_arboretum, introduction_to_nature_2
D:11:     layout_loops_ring, portal_ice_cave_entry_ice_simulacra
Temple:   hellmonk_temple_forest_ring
IceCv:    ice_cave_hellmonk_azure_passage

Skill      XL: |  1  2  3  4  5  6  7  8  9 10 11 |
---------------+----------------------------------+-----
Dodging        | 2 3 4 5 |  5.6
Stealth        | 2 3 |  3.6
Conjurations   | 5 6 8 9 10 | 10.4
Spellcasting   | 3 4 5 6 7 8 9 |  9.1
Fighting       | 1 3 4 |  4.8
Translocations | 1 3 4 5 |  5.9
Short Blades   | 1 3 |  3.0
Throwing       | 1 |  1.3
Evocations     | 1 |  1.3
Fire Magic     | |  0.7

Action                   |  1- 3 |  4- 6 |  7- 9 | 10-12 || total
-------------------------+-------+-------+-------+-------++-------
Melee: Unarmed           |    56 |    60 |     3 |       ||   119
       Tailslap          |    10 |    11 |    21 |    14 ||    56
       Punch             |       |     1 |     4 |     2 ||     7
       Short sword       |       |       |   148 |    22 ||   170
       Dagger            |       |       |       |    46 ||    46
Throw: Dart              |       |       |     2 |     5 ||     7
 Cast: Magic Dart        |    71 |    30 |    35 |    46 ||   182
       Searing Ray       |       |    32 |    76 |    37 ||   145
       Iskenderun's Myst |       |       |    41 |    42 ||    83
       Apportation       |       |       |     2 |       ||     2
       Scorch            |       |       |       |     3 ||     3
       Blink             |       |       |       |     2 ||     2
 Abil: Breathe Steam     |       |       |     1 |     1 ||     2
Evoke: Wand              |       |       |       |    12 ||    12
  Use: Potion            |     3 |     2 |     4 |     2 ||    11
       Scroll            |     2 |       |    14 |     2 ||    18
 Stab: Sleeping          |     1 |       |     1 |       ||     2
       Distracted        |       |       |     1 |       ||     1
       Petrified         |       |       |       |     2 ||     2
Armor: Skin              |    17 |    29 |    98 |    35 ||   179
Dodge: Dodged            |    46 |    49 |   202 |    54 ||   351
Block: Buckler           |       |       |       |     1 ||     1
